 Dungeon Crawl Stone Soup version 0.31-a0-152-g6aa68a64a1 (webtiles) character file.

Game seed: 17745785970638587637

835 qw the Chopper (level 7, -1/44 HPs)
             Began as a Gargoyle Fighter on June 10, 2023.
             Slain by an ogre
             ... wielding a +0 giant spiked club
              (26 damage)
             ... on level 5 of the Dungeon.
             The game lasted 00:02:07 (4176 turns).

qw the Chopper (Gargoyle Fighter)                   Turns: 4176, Time: 00:02:08

Health: -1/44      AC: 16    Str: 21    XL:     7   Next: 98%
Magic:  7/7        EV:  8    Int:  9    God:
Gold:   210        SH:  4    Dex:  9    Spells: 6/6 levels left

rFire   . . .        Y - +0 war axe
rCold   + . .        c - +0 buckler
rNeg    + . .        k - +0 chain mail
rPois   inf          g - +0 helmet
rElec   +            (no cloak)
rCorr   .            h - +0 pair of gloves
SInv    .            (no boots)
Will    ++...        (no amulet) Stlth
                     i - ring of willpower
HPRegen 0.27/turn    (no ring)
MPRegen 0.10/turn

%: no passive effects
@: no status effects
A: sickness immunity, AC +4, negative energy resistance 1, electricity
resistance, torment resistance 1, petrification resistance, fangs 1, cold
resistance 1, strong-willed 1
a: no special abilities


You were on level 5 of the Dungeon.
You visited 1 branch of the dungeon, and saw 5 of its levels.

You collected 255 gold pieces.
You spent 45 gold pieces at shops.


Innate Abilities, Weirdness & Mutations

You are immune to sickness and miasma.
Your stone body is resilient. (AC +4)
You are immune to poison.
You resist negative energy. (rN+)
You are resistant to electric shocks. (rElec)
You are resistant to unholy torment.
You are immune to petrification.
You have very sharp teeth.
Your flesh is cold resistant. (rC+)
You are strong-willed. (Will+)


   Skills:
 - Level 5.0 Fighting
 + Level 7.1 Axes
 - Level 3.2 Armour
 - Level 1.6 Dodging
 - Level 3.2 Shields


You had 6 spell levels left.
You didn't know any spells.
Your spell library was empty.

Inventory:

Hand Weapons
 e - a +0 flail
 Y - a +0 war axe (weapon)
Armour
 c - a +0 buckler (worn)
 g - a +0 helmet (worn)
 h - a +0 pair of gloves (worn)
 k - a +0 chain mail (worn)
Jewellery
 i - a ring of willpower (left hand)
Scrolls
 a - 2 scrolls of identify
Potions
 d - a potion of might
 m - a potion of attraction
 n - a potion of lignification
 p - a potion of curing {unknown}

Dungeon Overview and Level Annotations

Branches:
Dungeon (5/15)
 Temple: D:4-7

Altars:

Shops:
D:1 [!*   D:4 [


Message History

The iguana is moderately wounded.
The iguana bites you!
You hit the iguana but do no damage.
The iguana is moderately wounded.
The iguana bites you.
You hit the iguana. You bite the iguana, but do no damage.
The iguana is moderately wounded.
The iguana barely misses you.
You hit the iguana.
The iguana is heavily wounded.
The iguana barely misses you. x2
You hit the iguana but do no damage.
The iguana is heavily wounded.
The iguana bites you but does no damage.
You hit the iguana but do no damage.
The iguana is heavily wounded.
The iguana bites you!
You slash the iguana!
You kill the iguana!
The adder bites you but does no damage.
You hit the adder.
The adder is lightly wounded.
The adder bites you but does no damage.
You miss the adder.
The adder is lightly wounded.
The adder bites you but does no damage. x2
You miss the adder.
The adder is lightly wounded.
You barely miss the ogre. The ogre hits you but does no damage.
You hit the ogre. You bite the ogre, but do no damage.
The ogre is lightly wounded.
You hit the ogre.
The ogre is moderately wounded.
The ogre barely misses you.
You slash the ogre!
The ogre is heavily wounded.
The ogre hits you with a +0 giant spiked club!!
Ouch! That really hurt!
You die...

#.#### #. #.# #.
#.# #. #.#### #
#. #.##.. .## #.
#.##.# ...
#.##.# .. .
#.##.#####.#...#
#.##.##.@OS...#
#.%.....##.#....
####.......# #
#######.# #


You could see an ogre and an adder.

Vanquished Creatures
  3 ogres
  A centaur (D:5)
  A scorpion (D:5)
  3 hounds (D:4)
  2 iguanas (D:5)
  4 orc wizards (D:5)
  7 adders
  A gnoll (D:4)
  4 worms
  4 dart slugs
  15 orcs
  10 ball pythons
  7 endoplasms
  3 hobgoblins
  10 kobolds
  6 quokkas
  4 bats (D:2)
  3 frilled lizards
  12 goblins
  8 rats
108 creatures vanquished.

Notes
Turn   | Place    | Note
-------+----------+-------------------------------------------
     0 | D:1      | qw the Gargoyle Fighter began the quest for the Orb.
     0 | D:1      | Reached XP level 1. HP: 14/14 MP: 1/1
     0 | D:1      | 0 ||| qw: Version: 0.2-a-29-g767f381
     0 | D:1      | 0 ||| qw: Game counter: 3880
     0 | D:1      | 0 ||| qw: Always use a shield: true
     0 | D:1      | 0 ||| qw: God list: Okawaru
     0 | D:1      | 0 ||| qw: Allow faded altars: false
     0 | D:1      | 0 ||| qw: Do Orc after D:15 true
     0 | D:1      | 0 ||| qw: Do second Lair branch before Depths: true
     0 | D:1      | 0 ||| qw: Lair rune preference: random
     0 | D:1      | 0 ||| qw: Plans: Normal, Zot:1-4, Slime:5, God:TSO, Crypt,
                  | Tomb, Abyss, Pan, Hells, Win
     0 | D:1      | 0 ||| PLANNING D:1-11
    70 | D:1      | Reached skill level 2 in Axes
   125 | D:1      | Reached XP level 2. HP: 19/19 MP: 2/2
   174 | D:1      | Found Ahuirie's Armour Emporium.
   185 | D:1      | 185 ||| SHOPLISTING +0 helmet (63 gold, have 18).
   185 | D:1      | 185 ||| SHOPLISTING +0 pair of gloves (63 gold, have 18).
   185 | D:1      | 185 ||| SHOPLISTING +0 plate armour of fire resistance (420
                  | gold, have 18).
   185 | D:1      | 185 ||| SHOPLISTING +1 pair of gloves of infusion (231
                  | gold, have 18).
   208 | D:1      | Found Wyleutaac's Distillery.
   216 | D:1      | 216 ||| SHOPLISTING 2 potions of attraction (66 gold, have
                  | 18).
   216 | D:1      | 216 ||| SHOPLISTING potion of cancellation (88 gold, have
                  | 18).
   216 | D:1      | 216 ||| SHOPLISTING potion of curing (33 gold, have 18).
   216 | D:1      | 216 ||| SHOPLISTING potion of haste (110 gold, have 18).
   216 | D:1      | 216 ||| SHOPLISTING potion of magic (88 gold, have 18).
   619 | D:1      | 619 ||| FLEEEEING.
   634 | D:1      | 634 ||| FLEEEEING.
   635 | D:1      | 635 ||| FLEEEEING.
   731 | D:1      | Reached skill level 3 in Axes
   738 | D:1      | Found Zuetiyn's Assorted Antiques.
   744 | D:1      | 744 ||| BUYING 2 fuming green potions (45 gold).
   744 | D:1      | Bought 2 fuming green potions for 45 gold pieces
   744 | D:1      | 744 ||| SHOPLISTING green potion (22 gold, have 11).
   744 | D:1      | 744 ||| SHOPLISTING ichor-stained plate armour (700 gold,
                  | have 11).
   744 | D:1      | 744 ||| SHOPLISTING ruby potion (22 gold, have 11).
   744 | D:1      | 744 ||| SHOPLISTING scroll labelled KEMUWNUU WIRA (25 gold,
                  | have 11).
   813 | D:1      | 813 ||| UPGRADING to +0 helmet.
   818 | D:1      | 818 ||| UPGRADING to +0 pair of gloves.
   823 | D:1      | 823 ||| UPGRADING to +0 chain mail.
   833 | D:1      | 833 ||| DROPPING +0 scale mail.
   834 | D:1      | 834 ||| READING 3 scrolls labelled KEMUWNUU WIRA.
   835 | D:1      | 835 ||| READING scroll labelled KUTWAU DYOMOUH.
   836 | D:1      | 836 ||| DRINKING 2 fuming green potions.
   837 | D:1      | 837 ||| READING 2 scrolls of identify.
   837 | D:1      | 837 ||| IDENTIFYING grey potion
   838 | D:1      | 838 ||| DROPPING potion of enlightenment.
   872 | D:2      | Reached XP level 3. HP: 23/23 MP: 3/3
   911 | D:2      | 911 ||| Stepping ~*~*~tactically~*~*~ (hiding).
   912 | D:2      | 912 ||| Stepping ~*~*~tactically~*~*~ (hiding).
  1023 | D:2      | 1023 ||| DROPPING +0 club.
  1196 | D:2      | 1196 ||| Stepping ~*~*~tactically~*~*~ (stealth).
  1275 | D:2      | 1275 ||| Stepping ~*~*~tactically~*~*~ (stealth).
  1374 | D:2      | 1374 ||| Stepping ~*~*~tactically~*~*~ (hiding).
  1384 | D:2      | Reached XP level 4. HP: 28/28 MP: 4/4
  1459 | D:2      | Reached skill level 4 in Axes
  1495 | D:2      | 1495 ||| Stepping ~*~*~tactically~*~*~ (stealth).
  1496 | D:2      | 1496 ||| Stepping ~*~*~tactically~*~*~ (stealth).
  1622 | D:2      | 1622 ||| Stepping ~*~*~tactically~*~*~ (hiding).
  1791 | D:2      | 1791 ||| DROPPING amulet of magic regeneration.
  1792 | D:2      | 1792 ||| READING scroll labelled XYETIU NIFAUCK.
  1793 | D:2      | 1793 ||| READING scroll labelled HUSTRU MONGY.
  1796 | D:2      | 1796 ||| READING scroll labelled OXTOIN BIRCHALL.
  1797 | D:2      | 1797 ||| DRINKING 2 glowing white potions.
  1797 | D:2      | Gained mutation: Potions are less effective at restoring
                  | your health. [potion of mutation]
  1797 | D:2      | Gained mutation: You are frail. (-10% HP) [potion of
                  | mutation]
  1798 | D:2      | 1798 ||| DRINKING potion of mutation.
  1798 | D:2      | Lost mutation: Potions are less effective at restoring your
                  | health. [potion of mutation]
  1798 | D:2      | Lost mutation: You are frail. (-10% HP) [potion of
                  | mutation]
  1798 | D:2      | Gained mutation: You have very sharp teeth. [potion of
                  | mutation]
  1798 | D:2      | Gained mutation: Your flesh is cold resistant. (rC+)
                  | [potion of mutation]
  1798 | D:2      | Gained mutation: You are strong-willed. (Will+) [potion of
                  | mutation]
  2153 | D:3      | 2153 ||| Stepping ~*~*~tactically~*~*~ (hiding).
  2156 | D:3      | 2156 ||| Stepping ~*~*~tactically~*~*~ (hiding).
  2157 | D:3      | 2157 ||| Stepping ~*~*~tactically~*~*~ (hiding).
  2362 | D:3      | 2362 ||| Stepping ~*~*~tactically~*~*~ (stealth).
  2375 | D:3      | Reached XP level 5. HP: 29/32 MP: 5/5
  2962 | D:3      | 2962 ||| UPGRADING to ring of willpower.
  2963 | D:3      | 2963 ||| READING scroll labelled XIERHEL ZOMAOFF.
  2964 | D:3      | 2964 ||| READING scroll labelled DUECWIXKERYJ.
  3025 | D:4      | 3025 ||| Stepping ~*~*~tactically~*~*~ (stealth).
  3027 | D:4      | 3027 ||| Stepping ~*~*~tactically~*~*~ (stealth).
  3034 | D:4      | Noticed an ogre
  3041 | D:4      | Reached skill level 5 in Axes
  3044 | D:4      | Killed an ogre
  3045 | D:4      | Reached XP level 6. HP: 14/39 MP: 6/6
  3143 | D:4      | 3143 ||| DROPPING +0 whip.
  3190 | D:4      | 3190 ||| Stepping ~*~*~tactically~*~*~ (stealth).
  3253 | D:4      | 3253 ||| Stepping ~*~*~tactically~*~*~ (stealth).
  3626 | D:4      | Found Diughito's Antique Armour Shoppe.
  3638 | D:4      | 3638 ||| SHOPLISTING embroidered cloak (210 gold, have
                  | 186).
  3638 | D:4      | 3638 ||| SHOPLISTING faintly humming tower shield (266
                  | gold, have 186).
  3638 | D:4      | 3638 ||| SHOPLISTING pair of glowing boots (210 gold, have
                  | 186).
  3638 | D:4      | 3638 ||| SHOPLISTING shiny helmet (210 gold, have 186).
  3663 | D:4      | 3663 ||| DRINKING 2 metallic pink potions.
  3664 | D:4      | 3664 ||| READING 2 scrolls of identify.
  3664 | D:4      | 3664 ||| IDENTIFYING bubbling coppery potion
  3665 | D:4      | 3665 ||| DROPPING potion of invisibility.
  3680 | D:5      | Entered Level 5 of the Dungeon
  3692 | D:5      | 3692 ||| Stepping ~*~*~tactically~*~*~ (stealth).
  3704 | D:5      | 3704 ||| Stepping ~*~*~tactically~*~*~ (stealth).
  3711 | D:5      | Reached skill level 6 in Axes
  3711 | D:5      | Reached XP level 7. HP: 44/44 MP: 7/7
  3797 | D:5      | 3797 ||| Stepping ~*~*~tactically~*~*~ (stealth).
  3803 | D:5      | Reached skill level 1 in Dodging
  3903 | D:5      | 3903 ||| Stepping ~*~*~tactically~*~*~ (stealth).
  4013 | D:5      | 4013 ||| Stepping ~*~*~tactically~*~*~ (stealth).
  4018 | D:5      | 4018 ||| Stepping ~*~*~tactically~*~*~ (hiding).
  4020 | D:5      | 4020 ||| Stepping ~*~*~tactically~*~*~ (hiding).
  4021 | D:5      | 4021 ||| Stepping ~*~*~tactically~*~*~ (hiding).
  4094 | D:5      | 4094 ||| Stepping ~*~*~tactically~*~*~ (stealth).
  4095 | D:5      | 4095 ||| Stepping ~*~*~tactically~*~*~ (stealth).
  4108 | D:5      | 4108 ||| Stepping ~*~*~tactically~*~*~ (stealth).
  4114 | D:5      | Reached skill level 7 in Axes
  4144 | D:5      | 4144 ||| Stepping ~*~*~tactically~*~*~ (stealth).
  4159 | D:5      | 4159 ||| Stepping ~*~*~tactically~*~*~ (stealth).
  4176 | D:5      | Slain by an ogre

Levels and vault maps discovered:
D:1:      ncdulo_wetmaze, layout_basic, serial_shops, shop, shop,
          nicolae_shop_crystal
D:2:      layout_basic, minmay_vboxes
D:3:      minmay_diamond_boxcup, layout_basic, serial_aquarium,
          aquarium_bridge_long_joined [aquarium_subvault_window,
          aquarium_subvault_window, aquarium_subvault_wall,
          aquarium_subvault_bridge, aquarium_subvault_wall,
          aquarium_subvault_wall], aquarium_window_1, aquarium_window_corner,
          aquarium_view_2f, kennysheep_generic_room_14
D:4:      layout_cave_pools, serial_shops, nicolae_stop_n_shop_1, st_stairs_2,
          nicolae_concentric_dashed_squares_mild
D:5:      layout_loops_corners

Skill      XL: |  1  2  3  4  5  6  7 |
---------------+----------------------+-----
Axes           | 2 3 4 5 6 7 |  7.1
Fighting       | 4 5 |  5.0
Dodging        | 1 |  1.6
Armour         | |  3.2
Shields        | |  3.2

Action                     |  1- 3 |  4- 6 |  7- 9 || total
---------------------------+-------+-------+-------++-------
  Melee: War axe           |   123 |   149 |    54 ||   326
         Bite              |       |    10 |     5 ||    15
    Use: Scroll            |     3 |     6 |       ||     9
         Potion            |     1 |     3 |       ||     4
 Armour: Scale mail        |    23 |       |       ||    23
         Chain mail        |    52 |   105 |    42 ||   199
  Dodge: Dodged            |    49 |    61 |    15 ||   125
  Block: Buckler           |    20 |    28 |     8 ||    56

Table legend:
 A = Non-vault XP
 B = Vault XP
 C = Vault XP percentage of total XP
 D = Non-vault monster count
 E = Vault monster count
 F = Vault count percentage of total count
                 A         B        C        D         E       F
            +---------+---------+-------+---------+---------+-------
      Total |    1072 |     121 |  10.1 |      92 |      16 |  14.8
            +---------+---------+-------+---------+---------+-------
        D:1 |      30 |       0 |   0.0 |      18 |       0 |   0.0
        D:2 |      74 |      24 |  24.5 |      20 |       6 |  23.1
        D:3 |      30 |      40 |  57.1 |       8 |       8 |  50.0
        D:4 |     257 |      57 |  18.2 |      27 |       2 |   6.9
        D:5 |     681 |       0 |   0.0 |      19 |       0 |   0.0
            +---------+---------+-------+---------+---------+-------
